 Dungeon Crawl Stone Soup version 0.24-a0-139-geb6712d (webtiles) character file.

Game seed: 13969816730567428727

417 Gorice the Cutter (level 7, -4/38 HPs)
             Began as a Kobold Wanderer on Mar 2, 2019.
             Slain by an ogre
             ... wielding a +0 giant spiked club
              (29 damage)
             ... on level 4 of the Dungeon.
             The game lasted 00:27:03 (4775 turns).

Gorice the Cutter (Kobold Wanderer)                 Turns: 4775, Time: 00:27:04

Health: -4/38      AC: 13    Str: 12    XL:     7   Next: 15%
Magic:  10/10      EV: 10    Int: 13    God:
Gold:   93         SH:  0    Dex: 14    Spells: 10/10 levels left

rFire    x . .     SeeInvis +   a - +0 rapier
rCold    + + .     Gourm    .   (shield restricted)
rNeg     . . .     Faith    .   j - +0 ice dragon scales
rPois    .         Spirit   .   (helmet restricted)
rElec    .         Reflect  .   i - +1 cloak
rCorr    .         Harm     .   h - +0 pair of gloves
MR       .....                  (no boots)
Stlth    ..........             (no amulet)
HPRegen  0.12/turn              (no ring)
MPRegen  0.12/turn              (no ring)

@: no status effects
A: small, horns 1, see invisible, carnivore, wild magic 1
a: no special abilities


You were on level 4 of the Dungeon.
You were completely stuffed.

You visited 1 branch of the dungeon, and saw 4 of its levels.

You collected 93 gold pieces.

Inventory:

Hand Weapons
 a - a +0 rapier (weapon)
 b - a +0 hunting sling
 d - a +0 dagger
 n - a +0 vampiric dagger
   (You took it off an orc on level 3 of the Dungeon)
 x - a +0 short sword
Missiles
 e - 11 tomahawks (quivered)
 m - 36 bolts
 o - 24 poisoned needles
 Y - 139 stones
Armour
 c - a +0 ring mail
 h - a +0 pair of gloves (worn)
 i - a +1 cloak (worn)
 j - +0 ice dragon scales (worn)
Potions
 g - a potion of mutation {!q}
 k - a potion of cancellation {unknown}
 p - a potion of magic {unknown}
 q - a potion of curing
 s - a potion of brilliance {unknown}
Comestibles
 f - 5 rations
 t - 3 chunks of flesh


   Skills:
 - Level 1.1 Fighting
 + Level 7.3 Short Blades
   Level 1.0 Bows
 - Level 1.1 Throwing
 + Level 3.2 Armour
 - Level 2.1 Spellcasting
   Level 2.0 Ice Magic
   Level 1.0 Poison Magic
   Level 1.2 Evocations


You had 10 spell levels left.
You didn't know any spells.
Your spell library contained the following spells:

 Spells                   Type           Power        Failure   Level  Hunger
 Magic Dart               Conj           #...         90%         1    ##.....
 Blink                    Tloc           N/A          97%         2    ###....
 Call Imp                 Summ           #.......     97%         2    ###....
 Slow                     Hex            #.......     97%         2    ###....
 Conjure Flame            Conj/Fire      #.......     99%         3    ####...
 Mephitic Cloud           Conj/Pois/Air  #.......     99%         3    ####...


Dungeon Overview and Level Annotations

Branches:
Dungeon (4/15)
 Temple: D:4-7

Altars:
Yredelemnul

Annotations:
D:2 Sigmund
D:3 1 runed translucent door


Innate Abilities, Weirdness & Mutations

You are small and have problems with some larger weapons.
You are carnivorous and can eat meat at any time.
You have a pair of small horns on your head.
You have supernaturally acute eyesight. (SInv)
Your spells are a little harder to cast, but a little more powerful.


Message History

Aim: a jelly You shoot a stone.
The stone hits the jelly but does no damage.
Firing (i - inventory. (/) - cycle)
Y - 142 stones (quivered)
Press: ? - help, Shift-Dir - straight line, f/p - jelly
Aim: a jelly You shoot a stone.
The stone hits the jelly.
The jelly is lightly wounded.
Firing (i - inventory. (/) - cycle)
Y - 141 stones (quivered)
Press: ? - help, Shift-Dir - straight line, f/p - jelly
Aim: a jelly (lightly wounded)
You shoot a stone. The stone hits the jelly.
The jelly is moderately wounded.
a - a +0 rapier (weapon)
The jelly hits you but does no damage.
You hit the jelly.
Your hands burn!
You headbutt the jelly.
You kill the jelly!
Damage: 1 (max 1)
b - a +0 hunting sling (weapon)
An ogre comes into view. It is wielding a +0 giant spiked club.
The ogre shouts!
Found a stone staircase leading down.
You see here a stone.
Firing (i - inventory. (/) - cycle)
Y - 140 stones (quivered)
Press: ? - help, Shift-Dir - straight line, f - ogre
Aim: an ogre, wielding a +0 giant spiked club You shoot a stone.
The stone hits the ogre but does no damage.
a - a +0 rapier (weapon)
You hit the ogre.
The ogre is moderately wounded.
The ogre hits you with a +0 giant spiked club!
Damage: 16 (max 16)
You hit the ogre.
The ogre is moderately wounded.
You hit the ogre but do no damage.
The ogre is moderately wounded.
The ogre barely misses you.
Your ice dragon scales prevents you from hitting the ogre.
The ogre is moderately wounded.
The ogre hits you with a +0 giant spiked club.
Damage: 6 (max 16)
Okay, then.
It was a potion of curing.
You feel better.
You puncture the ogre!
You headbutt the ogre, but do no damage.
The ogre is heavily wounded.
The ogre hits you with a +0 giant spiked club!!
Ouch! That really hurt!
You die...

### ... ... #.#
#(# #(#
...####(####..#
...>(.O@......#
...####.####.##
#.. ##.# #..
#..# ##.. #.##
...###.#
#..##.#
#####..##.#
..........#


You could see an ogre.

Vanquished Creatures
  A howler monkey (D:1)
  A crimson imp (D:3)
  A jelly (D:4)
  A human skeleton (D:3)
  2 orc wizards (D:3)
  An iguana (D:3)
  A worker ant zombie (D:3)
  4 gnolls (D:2)
  7 adders
  An ooze (D:2)
  A worm (D:2)
  A dart slug (D:3)
  3 leopard geckos
  6 orcs
  2 ball pythons (D:2)
  6 bats
  4 giant cockroaches
  6 hobgoblins
  7 jackals
  3 frilled lizards
  7 goblins
  A goblin skeleton (D:3)
  A jackal skeleton (D:4)
  6 kobolds
  13 rats
87 creatures vanquished.

Notes
Turn   | Place    | Note
-------+----------+-------------------------------------------
     0 | D:1      | Gorice the Kobold Wanderer began the quest for the Orb.
     0 | D:1      | Gorice set off with the following items: a potion of
                  | lignification {!q}, a +0 ring mail, a +0 dagger, a ration;
                  | and the following spell memorised: Magic Dart; and the
                  | following spells available to memorise: Blink, Call Imp,
                  | Slow, Mephitic Cloud, Conjure Flame
     0 | D:1      | Reached XP level 1. HP: 12/12 MP: 3/3
    41 | D:1      | Reached skill level 1 in Short Blades
    70 | D:1      | HP: 3/12 [giant cockroach (1)]
   328 | D:1      | Reached skill level 2 in Short Blades
   328 | D:1      | Reached XP level 2. HP: 14/16 MP: 5/5
   909 | D:1      | HP: 4/16 [hobgoblin/+0 club (1)]
  1460 | D:2      | Noticed a howler monkey
  1475 | D:1      | Gained mutation: Your spells are a little harder to cast,
                  | but a little more powerful. [potion of mutation]
  1475 | D:1      | Gained mutation: You have supernaturally acute eyesight.
                  | (SInv) [potion of mutation]
  1475 | D:1      | Gained mutation: You have a pair of small horns on your
                  | head. [potion of mutation]
  1491 | D:1      | Killed a howler monkey
  1491 | D:1      | Reached skill level 4 in Short Blades
  1491 | D:1      | Reached XP level 3. HP: 7/20 MP: 6/6
  1491 | D:1      | Reached XP level 4. HP: 9/25 MP: 7/7
  2025 | D:2      | Reached XP level 5. HP: 29/29 MP: 8/8
  2363 | D:2      | Noticed Sigmund
  2510 | D:2      | Reached skill level 2 in Armour
  2703 | D:2      | Reached skill level 5 in Short Blades
  3698 | D:3      | Reached XP level 6. HP: 32/34 MP: 9/9
  3775 | D:3      | Reached skill level 6 in Short Blades
  4304 | D:3      | Found a runed translucent door.
  4304 | D:3      | Noticed a human
  4324 | D:3      | Found a basalt altar of Yredelemnul.
  4410 | D:3      | Reached skill level 7 in Short Blades
  4592 | D:3      | Reached skill level 3 in Armour
  4592 | D:3      | Reached XP level 7. HP: 22/38 MP: 10/10
  4775 | D:4      | Slain by an ogre

Levels and vault maps discovered:
D:1:      onia_arrival_larder, layout_loops_cross, serial_park_tiny_2,
          nrook_campfire
D:2:      layout_loops_corners, first_ration, cheibrodos_gnoll_hut, uniq_sigmund
D:3:      layout_loops_ring, dk_yredelemnul_ordeal
D:4:      layout_loops_ring, kennysheep_vampire_church,
          nemelex_xobeh_ov_fountains_minmay, minitemple, minmay_misc_feat_doors,
          chequers_serial_rivers_room_a, nicolae_ru_awakened_eye

Skill      XL: |  1  2  3  4  5  6 |
---------------+-------------------+-----
Short Blades   | 2 4 5 7 |  7.3
Armour         | 2 3 |  3.2
Fighting       | |  1.1
Bows           | |  1.0
Throwing       | |  1.1
Spellcasting   | |  2.1
Ice Magic      | |  2.0
Poison Magic   | |  1.0
Evocations     | |  1.2

Action                   |  1- 3 |  4- 6 |  7- 9 || total
-------------------------+-------+-------+-------++-------
Melee: Dagger            |   146 |   133 |       ||   279
       Headbutt          |     4 |    61 |     2 ||    67
       Short sword       |       |   241 |       ||   241
       Rapier            |       |       |    10 ||    10
 Fire: Hunting sling     |       |    47 |     5 ||    52
Throw: Tomahawk          |       |    14 |     2 ||    16
  Use: Potion            |     4 |       |     1 ||     5
       Scroll            |     3 |     2 |     5 ||    10
  Eat: Chunk             |    10 |    10 |     1 ||    21
Armor: Ring mail         |    25 |       |       ||    25
       Ice dragon scales |    15 |   193 |     2 ||   210
       Skin              |     3 |       |       ||     3
Dodge: Dodged            |    69 |   140 |     3 ||   212

Table legend:
 A = Non-vault XP
 B = Vault XP
 C = Vault XP percentage of total XP
 D = Non-vault monster count
 E = Vault monster count
 F = Vault count percentage of total count
                 A         B        C        D         E       F
            +---------+---------+-------+---------+---------+-------
      Total |     528 |      68 |  11.4 |      76 |      11 |  12.6
            +---------+---------+-------+---------+---------+-------
        D:1 |      73 |       9 |  11.0 |      12 |       6 |  33.3
        D:2 |     116 |      18 |  13.4 |      32 |       3 |   8.6
        D:3 |     283 |      41 |  12.7 |      29 |       2 |   6.5
        D:4 |      56 |       0 |   0.0 |       3 |       0 |   0.0
            +---------+---------+-------+---------+---------+-------

Table legend:
 A = Turns spent in this place as a percentage of turns spent in the entire game.
 B = Non-inter-level travel turns spent in this place as a percentage of non-inter-level travel turns spent in the entire game.
 C = Inter-level travel turns spent in this place as a percentage of turns spent in this place.
 D = Turns resting spent in this place as a percentage of non-inter-level travel turns spent in this place.
 E = Turns spent auto-exploring this place as a percentage of non-inter-level travel turns spent in this place.
 F = Non-inter-level travel turns spent in this place divided by the number of levels of this place that you've seen.
                   A       B       C       D       E      F
               +-------+-------+-------+-------+-------+----------------------
         Total | 100.0 | 100.0 |   2.9 |  32.9 |  33.7 | 1158.8
       Dungeon | 100.0 | 100.0 |   2.9 |  32.9 |  33.7 | 1158.8
               +-------+-------+-------+-------+-------+----------------------

Levels and vault maps discovered:
D:1:      onia_arrival_larder, layout_loops_cross, serial_park_tiny_2,
          nrook_campfire
D:2:      layout_loops_corners, first_ration, cheibrodos_gnoll_hut, uniq_sigmund
D:3:      layout_loops_ring, dk_yredelemnul_ordeal
D:4:      layout_loops_ring, kennysheep_vampire_church,
          nemelex_xobeh_ov_fountains_minmay, minitemple, minmay_misc_feat_doors,
          chequers_serial_rivers_room_a, nicolae_ru_awakened_eye
